 Dungeon Crawl Stone Soup version 0.31.0-9-g3a7656b989 (webtiles) character file.

Game seed: 15474991326753971515

599 qw the Shooter (level 7, 0/35 HPs)
             Began as a Spriggan Hunter on Feb 2, 2024.
             Slain by Edmund
             ... wielding a +2 flail of holy wrath
              (1 damage)
             ... on level 6 of the Dungeon.
             The game lasted 00:00:16 (3873 turns).

qw the Shooter (Spriggan Hunter)                    Turns: 3873, Time: 00:00:17

Health: 0/35       AC:  4    Str:  7    XL:     7   Next: 17%
Magic:  8/8        EV: 24    Int: 10    God:
Gold:   259        SH:  0    Dex: 27    Spells: 6/6 levels left

rFire   + . .        b - +8 arbalest (heavy)
rCold   . . .        (shield currently unavailable)
rNeg    . . .        c - +0 robe
rPois   .            k - +2 hat
rElec   .            (no cloak)
rCorr   .            (gloves unavailable)
SInv    +            (boots unavailable)
Will    +....        (no amulet)
Stlth   +++          f - +6 ring of dexterity
HPRegen 0.25/turn    j - ring of protection from fire
MPRegen 0.11/turn

%: no passive effects
@: very quick
A: very small, no large weapons, unfitting armour, see invisible, speed 3
a: no special abilities


You were on level 6 of the Dungeon.
You visited 1 branch of the dungeon, and saw 6 of its levels.

You collected 259 gold pieces.


Innate Abilities, Weirdness & Mutations

You are very small and have problems with some larger weapons.
You are too small for most types of armour.
You have supernaturally acute eyesight. (SInv)
You cover ground extremely quickly. (Speed+++)


   Skills:
 - Level 2.2 Fighting
 - Level 7.0 Ranged Weapons
 + Level 6.9 Dodging
 - Level 1.5 Stealth


You had 6 spell levels left.
You didn't know any spells.
Your spell library was empty.

Inventory:

Hand Weapons
 b - a +8 heavy arbalest (weapon)
Armour
 c - a +0 robe (worn)
 k - a +2 hat (worn)
Jewellery
 f - a +6 ring of dexterity (left hand)
 j - a ring of protection from fire (right hand)
Wands
 e - a wand of flame (11)
Potions
 d - a potion of mutation
 g - a potion of cancellation
 h - 2 potions of curing
 i - 2 potions of resistance
 m - a potion of haste {unknown}
 q - a potion of might {unknown}

Dungeon Overview and Level Annotations

Branches:
Dungeon (6/15)
 Temple: D:4-7

Altars:
Kikubaaqudgha

Shops:
D:2 :

Annotations:
D:6 Edmund


Message History

You climb upwards.
There is a stone staircase leading down here.
You shoot a bolt. The bolt hits the orc!!
You kill the orc!
You climb downwards.
Level annotation: Edmund The iguana bites you but does no damage.
Edmund completely misses you.
There is a stone staircase leading up here.
You shoot a bolt.
The bolt hits the iguana but does no damage.
The iguana misses you.
Edmund hits you with a +2 flail of holy wrath.
Edmund says, "You wouldn't believe how much I paid for this flail."
Edmund misses you. The iguana closely misses you.
You shoot a bolt. The bolt hits the iguana!
The iguana is severely wounded.
The iguana closely misses you.
Edmund says, "I might not be good at magic, but I can still kill you!"
Edmund hits you with a +2 flail of holy wrath.
Edmund completely misses you. The iguana barely misses you.
Edmund completely misses you. The iguana misses you.
You shoot a bolt. The bolt closely misses the iguana.
The iguana misses you.
Edmund hits you with a +2 flail of holy wrath.
Edmund hits you with a +2 flail of holy wrath!
The iguana closely misses you.
You shoot a bolt. The bolt hits the iguana!!!
You kill the iguana!
Edmund completely misses you. Edmund misses you. x2
You shoot a bolt. The bolt hits Edmund!!
Edmund is heavily wounded.
Edmund gestures with his flail.
Edmund misses you.
Edmund hits you with a +2 flail of holy wrath!
You shoot a bolt. The bolt barely misses Edmund.
Edmund closely misses you.
Edmund hits you with a +2 flail of holy wrath.
You die...
Edmund says, "I'd like to see a scythe do that!"

. ######....
#@@.......
#%.....##.
...........
##........##
.........#
###>......#
#####...#
#...


You could see Edmund.

Vanquished Creatures
  A sky beast (D:5)
  A phantom (D:4)
  4 bombardier beetles
  3 hounds
  2 iguanas
  3 gnolls (D:5)
  5 adders
  A ribbon worm (D:3)
  3 dart slugs
  3 orcs
  6 endoplasms
  A giant cockroach (D:1)
  10 goblins
  9 hobgoblins
  9 jackals
  8 kobolds
  4 quokkas
  4 ball pythons
  4 bats
  3 frilled lizards
  6 rats
90 creatures vanquished.

Notes
Turn   | Place    | Note
-------+----------+-------------------------------------------
     0 | D:1      | qw the Spriggan Hunter began the quest for the Orb.
     0 | D:1      | Reached XP level 1. HP: 10/10 MP: 2/2
     0 | D:1      | 0 ||| qw: Version: 0.3-a-155-g5e7d8dd
     0 | D:1      | 0 ||| qw: Game counter: 1632
     0 | D:1      | 0 ||| qw: Melee chars always use a shield: true
     0 | D:1      | 0 ||| qw: God list: Okawaru
     0 | D:1      | 0 ||| qw: Allow faded altars: false
     0 | D:1      | 0 ||| qw: Do Orc after clearing Dungeon:15 true
     0 | D:1      | 0 ||| qw: Do second Lair branch before Depths: true
     0 | D:1      | 0 ||| qw: Lair rune preference: random
     0 | D:1      | 0 ||| qw: Goals: Normal
     0 | D:1      | 0 ||| PLANNING D:1-11
    17 | D:1      | Reached skill level 3 in Dodging
   148 | D:1      | Reached XP level 2. HP: 14/14 MP: 3/3
   512 | D:1      | Reached XP level 3. HP: 18/18 MP: 4/4
   975 | D:1      | 975 ||| DROPPING +6 ring of intelligence.
   976 | D:1      | 976 ||| READING scroll labelled JIEXKY TYPAIS.
   976 | D:1      | 976 ||| IDENTIFYING white potion
   977 | D:1      | 977 ||| READING scroll labelled VACHAJ DUYTA.
   978 | D:1      | 978 ||| READING scroll labelled ANGEOQ UDOMU.
   979 | D:1      | 979 ||| DROPPING scroll of butterflies.
   980 | D:1      | 980 ||| DROPPING potion of ambrosia.
  1024 | D:2      | 1024 ||| STAIRDANCE
  1188 | D:2      | Found Wiotha's Book Shoppe.
  1407 | D:2      | Reached skill level 5 in Ranged Weapons
  1497 | D:2      | Reached XP level 4. HP: 22/22 MP: 5/5
  1558 | D:2      | 1558 ||| READING scroll of identify.
  1558 | D:2      | 1558 ||| IDENTIFYING bubbling golden potion
  1880 | D:3      | Found an ancient bone altar of Kikubaaqudgha.
  1966 | D:3      | You fall into a shaft and drop 1 floor!
  2007 | D:4      | Reached XP level 5. HP: 26/26 MP: 6/6
  2087 | D:4      | 2087 ||| READING scroll of identify.
  2087 | D:4      | 2087 ||| IDENTIFYING yellow potion
  2088 | D:4      | 2088 ||| READING scroll labelled ZEATINAISU.
  2089 | D:4      | 2089 ||| READING scroll labelled SIDIVA SASM.
  2611 | D:3      | 2611 ||| READING scroll labelled PAKLEO XAONNES.
  2611 | D:3      | Identified a scroll of acquirement
  2611 | D:3      | 2611 ||| ACQUIRING +5 heavy arbalest
  2611 | D:3      | Acquired a +5 heavy arbalest
  2613 | D:3      | 2613 ||| SWAPPING to +5 heavy arbalest.
  2614 | D:3      | 2614 ||| DROPPING +0 shortbow.
  2615 | D:3      | 2615 ||| DRINKING 2 fuming puce potions.
  2850 | D:4      | Noticed a phantom
  2853 | D:4      | Killed a phantom
  2854 | D:4      | Reached skill level 6 in Ranged Weapons
  2854 | D:4      | Reached XP level 6. HP: 30/30 MP: 7/7
  3061 | D:4      | 3061 ||| READING scroll of identify.
  3061 | D:4      | 3061 ||| IDENTIFYING brown potion
  3062 | D:4      | 3062 ||| READING 2 scrolls labelled ILEVETZUPRUFF.
  3062 | D:4      | 3062 ||| ENCHANTING +5 heavy arbalest.
  3063 | D:4      | 3063 ||| READING scroll of enchant weapon.
  3063 | D:4      | 3063 ||| ENCHANTING +6 heavy arbalest.
  3064 | D:4      | 3064 ||| READING scroll labelled IHURUV SYMOIV.
  3080 | D:5      | Entered Level 5 of the Dungeon
  3084 | D:5      | 3084 ||| READING scroll of enchant weapon.
  3084 | D:5      | 3084 ||| ENCHANTING +7 heavy arbalest.
  3091 | D:5      | 3091 ||| READING scroll of identify.
  3091 | D:5      | 3091 ||| IDENTIFYING amethyst potion
  3092 | D:5      | 3092 ||| DROPPING potion of attraction.
  3234 | D:5      | Noticed a sky beast
  3238 | D:5      | Killed a sky beast
  3239 | D:5      | Reached skill level 6 in Dodging
  3375 | D:5      | 3375 ||| UPGRADING to +2 hat.
  3453 | D:5      | Reached XP level 7. HP: 35/35 MP: 8/8
  3550 | D:5      | Reached skill level 7 in Ranged Weapons
  3722 | D:5      | 3722 ||| UPGRADING to +6 ring of dexterity.
  3723 | D:5      | 3723 ||| UPGRADING to ring of protection from fire.
  3724 | D:5      | 3724 ||| READING scroll of identify.
  3724 | D:5      | 3724 ||| IDENTIFYING dark potion
  3725 | D:5      | 3725 ||| READING scroll labelled FOZXITS DOAFA.
  3725 | D:5      | 3725 ||| ENCHANTING +8 heavy arbalest.
  3726 | D:5      | 3726 ||| READING scroll labelled BUIKHLENKAY.
  3727 | D:5      | 3727 ||| READING scroll labelled GIURAF XEULACH.
  3728 | D:5      | 3728 ||| DROPPING potion of brilliance.
  3730 | D:5      | 3730 ||| Stepping ~*~*~tactically~*~*~ (cloud).
  3862 | D:6      | Noticed Edmund
  3863 | D:6      | 3863 ||| STAIRDANCE
  3872 | D:6      | HP: 1/35 [Edmund/+2 flail of holy wrath (9)]
  3873 | D:6      | Slain by Edmund

Levels and vault maps discovered:
D:1:      roderic_octagonal_star, layout_basic
D:2:      layout_rooms, serial_shops, nicolae_shop_waterfront
D:3:      layout_basic, mainiacjoe_overflow_alcove_2, serial_corexii_hall,
          corexii_hall_statues_t, corexii_hall_statues_i,
          hangedman_decor_diamond_cutter, serial_park_tiny_1
D:4:      layout_rooms
D:5:      layout_basic, nicolae_fountain_basement
D:6:      layout_rooms, nicolae_ru_awakened_eye, temple_hall, serial_shops,
          shop, ebering_ghost_inner_flame, hex_large, uniq_edmund, uniq_duvessa,
          uniq_maggie

Skill      XL: |  1  2  3  4  5  6  7 |
---------------+----------------------+-----
Dodging        | 3 4 5 6 |  6.9
Ranged Weapons | 5 6 7 |  7.0
Fighting       | 2 |  2.2
Stealth        | |  1.5

Action                     |  1- 3 |  4- 6 |  7- 9 || total
---------------------------+-------+-------+-------++-------
   Fire: Shortbow          |   128 |    79 |       ||   207
         Arbalest          |       |    22 |    13 ||    35
    Use: Scroll            |     3 |    11 |     4 ||    18
         Potion            |       |     1 |       ||     1
 Armour: Robe              |    14 |    14 |     7 ||    35
  Dodge: Dodged            |    47 |    39 |    18 ||   104

Table legend:
 A = Non-vault XP
 B = Vault XP
 C = Vault XP percentage of total XP
 D = Non-vault monster count
 E = Vault monster count
 F = Vault count percentage of total count
                 A         B        C        D         E       F
            +---------+---------+-------+---------+---------+-------
      Total |     856 |       0 |   0.0 |      90 |       0 |   0.0
            +---------+---------+-------+---------+---------+-------
        D:1 |      46 |       0 |   0.0 |      26 |       0 |   0.0
        D:2 |      51 |       0 |   0.0 |      24 |       0 |   0.0
        D:3 |      89 |       0 |   0.0 |      12 |       0 |   0.0
        D:4 |     210 |       0 |   0.0 |      14 |       0 |   0.0
        D:5 |     424 |       0 |   0.0 |      13 |       0 |   0.0
        D:6 |      36 |       0 |   0.0 |       1 |       0 |   0.0
            +---------+---------+-------+---------+---------+-------
